 Dungeon Crawl Stone Soup version 0.18-a0-965-g9200175 (webtiles) character file.

58 filipzpl the Insei (level 4, 0/40 HPs)
             Began as a Naga Transmuter on Jan 1, 2016.
             Slain by Grinder (10 damage)
             ... while paralysed by Grinder
             ... on level 3 of the Dungeon.
             The game lasted 00:03:18 (1467 turns).

filipzpl the Insei (Naga Transmuter)                Turns: 1467, Time: 00:03:19

Health: 0/40       AC:  2    Str: 12    XL:     4   Next: 2%
Magic:  4/7        EV:  1    Int: 14    God:
Gold:   87         SH:  0    Dex: 12    Spells: 2 memorised, 3 levels left

rFire  . . .     SeeInvis +       - Unarmed
rCold  . . .     Gourm    .     b - +0 robe
rNeg   . . .     Faith    .     (no shield)
rPois  +         Spirit   .     (no helmet)
rElec  .         Dismiss  .     (no cloak)
rCorr  .         Reflect  .     (no gloves)
SustAt .         Harm     .     (no barding)
MR     .....                    (no amulet)
Stlth  +.........               (no ring)
                                (no ring)

@: paralysed, very slow, not resistant to hostile enchantments, very unstealthy
A: see invisible, deformed body, poison resistance, slowness 2, slow metabolism
1, spit poison 2, AC +1
a: Spit Poison


You were on level 3 of the Dungeon.
You were very hungry.

You visited 1 branch of the dungeon, and saw 3 of its levels.

You collected 87 gold pieces.

Inventory:

Missiles
 a - 31 arrows
 j - 15 arrows of flame
Armour
 b - a +0 robe (worn)
 n - a +0 shield
Jewellery
 p - an uncursed ring of see invisible {unknown}
Scrolls
 f - a scroll of enchant armour {unknown}
 g - 3 scrolls of identify {unknown}
 k - a scroll of fog {unknown}
 l - a scroll of magic mapping {unknown}
 r - 3 scrolls of random uselessness {unknown}
Potions
 e - a potion of agility {unknown}
 h - a potion of heal wounds {unknown}
 i - 2 potions of mutation {unknown}
 q - a potion of degeneration {unknown}
Books
 c - a book of Changes

   Spells                             Type                      Level
   a - Beastly Appendage              Transmutation                1
   b - Sticks to Snakes               Transmutation                2
   c - Spider Form                    Transmutation/Poison         3
   d - Ice Form                       Ice/Transmutation            4
   e - Blade Hands                    Transmutation                5
Comestibles
 d - 2 bread rations
 m - a meat ration
 o - a beef jerky


   Skills:
 - Level 2.4 Fighting
 - Level 1.5 Dodging
 - Level 3.9 Unarmed Combat
 - Level 2.0 Spellcasting
 + Level 2.1 Transmutations
 + Level 1.0 Poison Magic


You had 3 spell levels left.
You knew the following spells:

 Your Spells              Type           Power        Failure   Level  Hunger
a - Beastly Appendage     Trmt           #.....       12%         1    ##.....
b - Spider Form           Trmt/Pois      #.........   38%         3    ####...


Dungeon Overview and Level Annotations

Branches:
Dungeon (3/15)

Altars:
Ru

Annotations:
D:3 Grinder


Innate Abilities, Weirdness & Mutations

You cannot wear boots.
Your serpentine skin is tough (AC +1).
You have supernaturally acute eyesight.
Armour fits poorly on your strangely shaped body.
Your system is resistant to poisons.
You cover ground very slowly.
You have a slow metabolism.
You can spit poison.


Message History

Grinder is lightly wounded.
Grinder barely misses you.
You barely miss Grinder.
Grinder is lightly wounded.
Grinder hits you.
You writhe in agony.
You hit Grinder.
Grinder is moderately wounded.
Grinder gestures at you. You resist with significant effort.
You hit Grinder but do no damage.
Grinder is poisoned.
Grinder is moderately wounded.
Your transformation has ended.
Your +0 robe unmelds from your body.
Grinder grins, showing sharp teeth.
Grinder gestures at you.
You suddenly lose the ability to move!
Grinder hits you!
* * * LOW HITPOINT WARNING * * *
Grinder hits you!
You die...

.........##.####..#.######
.........##....<#.#.#
.........####.....#.#
.........##.....#.#<#
#####..........#.#.#
#####.###........#.#
+................+..
#########.###....#
#...)@.......#
#....5†#####.# #......#
#......... #+###......
#....### #..... ###+#.


You could see Grinder.

Vanquished Creatures
  2 adders
  2 worms (D:2)
  A giant cockroach (D:1)
  4 goblins
  8 hobgoblins
  2 jackals (D:2)
  4 kobolds
  A ball python (D:2)
  4 bats
  2 giant newts
  5 rats
35 creatures vanquished.

Notes
Turn   | Place    | Note
--------------------------------------------------------------
     0 | D:1      | filipzpl the Naga Transmuter began the quest for the Orb.
     0 | D:1      | Reached XP level 1. HP: 18/18 MP: 3/3
    97 | D:1      | Reached XP level 2. HP: 22/25 MP: 5/5
   679 | D:2      | Found a faded altar to an unknown god.
   708 | D:2      | Reached XP level 3. HP: 29/32 MP: 6/6
  1346 | D:2      | Learned a level 3 spell: Spider Form
  1390 | D:3      | Found a sacrificial altar of Ru.
  1453 | D:3      | Noticed Grinder
  1461 | D:3      | Reached skill level 1 in Poison Magic
  1461 | D:3      | Reached XP level 4. HP: 32/40 MP: 3/7
  1465 | D:3      | Paralysed by Grinder for 2 turns
  1467 | D:3      | Slain by Grinder

Vault maps used:
D:1:      dpeg_arrival_windows_large_door
D:2:      ecumenical_altar_1
D:3:      first_bread, kennysheep_minor_cross, nicolae_ru_sacrificial_ziggurat,
          uniq_grinder

Action                   |  1- 3 |  4- 6 || total
-------------------------+-------+-------++-------
Melee: Unarmed           |   128 |     4 ||   132
 Cast: Beastly Appendage |     3 |       ||     3
       Spider Form       |     1 |       ||     1
